[Event "Late-Titled-Tuesday-Blitz-October-03-2023"]
[Site "Chess.com"]
[Date "2023.10.03"]
[Round "11"]
[White "Byniolus"]
[Black "dennisodessa"]
[Result "1-0"]
[WhiteElo "2735"]
[BlackElo "2492"]
[TimeControl "180+1"]
[EndTime "16:02:14 PDT"]
[Termination "Byniolus won by resignation"]

1. d3 c5 2. e3 Nc6 3. g3 g6 4. b3 Bg7 5. c3 d5 6. a3 e5 7. f3 f5 8. h3 Nf6 9. Ne2 O-O 10. Bg2 d4 11. cxd4 cxd4 12. e4 fxe4 13. fxe4 Nh5 14. Nd2 Be6 15. Nf3 Kh8 16. O-O Qd7 17. g4 Nf4 18.
Nxf4 exf4 19. b4 a5 20. b5 Ne5 21. a4 Nxf3+ 22. Qxf3 g5 23. e5 Bxe5 24. Re1 Bf6 25.
Qxb7 Rac8 26. Ba3 Rfe8 27. Qxd7 Bxd7 28. Rxe8+ Bxe8 29. Rc1 Rxc1+ 30. Bxc1 Bd8 31. Ba3 Bb6 32. Be7 h6 33. Bd5 Bg6 34. Bc4 Kg7 35. Kg2 Bh7 36.
h4 Kg6 37. Kh3 gxh4 38. Kxh4 Kg7 39. Kh3 Bg8 40. Bxg8 Kxg8 41. Bd6 Kg7 42. Bxf4 Kg6 43. Kg3 Kg7 44. Kf3 Kg6 45. Ke4 h5 46. gxh5+ Kxh5 47.
Be5 1-0

[Event "Late-Titled-Tuesday-Blitz-October-03-2023"]
[Site "Chess.com"]
[Date "2023.10.03"]
[Round "11"]
[White "kuli4ik"]
[Black "Rodalquilar"]
[Result "1-0"]
[WhiteElo "2941"]
[BlackElo "2740"]
[TimeControl "180+1"]
[EndTime "16:02:16 PDT"]
[Termination "kuli4ik won on time"]

1. Nf3 d5 2. d4 Nf6 3. Bf4 c5 4.
dxc5 e6 5. e3 Bxc5 6. Be2 Nc6 7.
O-O O-O 8. c4 h6 9. Nc3 dxc4 10.
Bxc4 Qe7 11. Rc1 e5 12. Bg3 e4 13. Nd2 Bf5 14. h3 Rfd8 15. Qe2 Ne5 16. Nb3 Nxc4 17. Qxc4 Bb6 18. Nb5 a6 19. N5d4 Bg6 20. Rfd1 Kh7 21. a4 a5 22. Qb5 Qb4 23. Bc7 Bxc7 24. Rxc7 Qxb5 25. axb5 a4 26. Nd2 a3 27. bxa3 Rxa3 28. Rdc1 Rd3 29. Nc4 Rd7 30. b6 Rd8 31. Rxb7 Nd5 32. Ne5 Rd2 33. g4 Rb2 34. Rc6 Ra8 35.
Ra7 Rb8 36. Nxf7 R8xb6 37. Rxb6 Rxb6 38. Ne5 Rb1+ 39. Kg2 Rb2 40. Kg3 Rb1 41. Ne6 Be8 42. Rxg7+ Kh8 43. Ra7 Rb6 44. Nf4 Nc3 45. h4 1-0

[Event "Late-Titled-Tuesday-Blitz-October-03-2023"]
[Site "Chess.com"]
[Date "2023.10.03"]
[Round "11"]
[White "Hikaru"]
[Black "Jospem"]
[Result "1-0"]
[WhiteElo "3264"]
[BlackElo "3055"]
[TimeControl "180+1"]
[EndTime "16:02:21 PDT"]
[Termination "Hikaru won on time"]

1. e4 e5 2. Bc4 Nf6 3. d3 Be7 4.
Bb3 Nc6 5. c3 O-O 6. Nf3 d6 7.
h3 Be6 8. Bc2 h6 9. Nbd2 Re8 10.
g4 d5 11. g5 hxg5 12. Nxg5 dxe4 13. dxe4 Bf8 14. Nxe6 Rxe6 15. Qe2 Qe8 16. Nf3 Rd6 17. Bd2 Rad8 18. O-O-O g6 19. Kb1 Bg7 20. Rdg1 Na5 21. Bg5 Qe6 22. h4 Nc4 23. h5 Nxh5 24. Rxh5 gxh5 25.
Bxd8 Rxd8 26. Nh4 Nd2+ 27. Ka1 Kf8 28. Nf5 Rd6 29. Nxd6 Qxd6 30. Qxh5 Qf6 31. Qe2 Bh6 32. Rd1 Qf4 33. a4 a6 34. Qd3 Ke7 35. Qd5 c6 36. Qc5+ Kd7 37. Rh1 Kc7 38. Qe7+ Kb6 39. a5+ Ka7 40.
Qc5+ Kb8 41. Qd6+ Ka7 42. Qxh6 Qxf2 43. Qh2 Qe3 44. Qg1 Qxg1+ 45. Rxg1 Nc4 46. b4 Nd6 47.
Rd1 Nb5 48. Kb2 Kb8 49. Rd7 f6 50. Rf7 Nd6 51. Rxf6 Nc4+ 52. Kc1 Kc7 53. Bd3 Nd6 54. c4 1-0

[Event "Late-Titled-Tuesday-Blitz-October-03-2023"]
[Site "Chess.com"]
[Date "2023.10.03"]
[Round "11"]
[White "mfwagnerpeixoto"]
[Black "flukeyNZ"]
[Result "1-0"]
[WhiteElo "2338"]
[BlackElo "2228"]
[TimeControl "180+1"]
[EndTime "16:02:25 PDT"]
[Termination "mfwagnerpeixoto won by checkmate"]

1. e4 e6 2. d4 d5 3. Nd2 c5 4.
Ngf3 cxd4 5. exd5 Qxd5 6. Bc4 Qd7 7.
O-O Nc6 8. Nb3 Nf6 9. Nbxd4 Nxd4 10. Qxd4 Qxd4 11. Nxd4 a6 12. Bf4 Be7 13. Rfe1 O-O 14.
Nf5 Bb4 15. c3 exf5 16. cxb4 b5 17. Bb3 Bb7 18. Re7 Bd5 19. Be5 Bxb3 20. axb3 Nd5 21.
Rd7 Rfd8 22. Rxa6 Nxb4 23. Rxa8 Rxa8 24. h3 f6 25. Bc3 Nc6 26. Rb7 b4 27. Bxb4 Ra1+ 28. Kh2 Nxb4 29. Rxb4 Rb1 30. Rb7 Rxb2 31. Kg3 g5 32. f3 f4+ 33. Kg4 Rxg2+ 34. Kf5 Rg3 35.
Kxf6 h5 36. Kg6 Kf8 37. Kxh5 Rxh3+ 38. Kxg5 Rg3+ 39. Kxf4 Rg6 40. b4 Rc6 41. b5 Rc4+ 42. Kf5 Rc5+ 43. Ke6 Rc3 44. f4 Re3+ 45. Kf6 Rb3 46.
Rb8# 1-0

[Event "Late-Titled-Tuesday-Blitz-October-03-2023"]
[Site "Chess.com"]
[Date "2023.10.03"]
[Round "11"]
[White "chessmoo"]
[Black "davigator"]
[Result "0-1"]
[WhiteElo "2443"]
[BlackElo "2339"]
[TimeControl "180+1"]
[EndTime "16:02:26 PDT"]
[Termination "davigator won on time"]

1. c4 e5 2. g3 Nf6 3. Bg2 d5 4. cxd5 Nxd5 5. Nf3 Nc6 6. d3 Nb6 7. O-O Be7 8. Nc3 O-O 9. Be3 Re8 10. Rc1 Bg4 11. Ne4 Bf8 12. Nc5 Bxc5 13. Rxc5 f6 14. a3 Rb8 15. b4 Qd7 16. Re1 a6 17. Nd2 Nd4 18. Nb3 c6 19. Rc1 Rbd8 20. Nc5 Qf7 21. h3 Bh5 22. a4 Nd5 23. Bd2 f5 24. Nb3 Ne6 25. b5 cxb5 26. axb5 axb5 27. Na5 Qd7 28.
Qb3 Nd4 29. Qxd5+ Qxd5 30. Bxd5+ Rxd5 31. f3 b6 32. Nc6 Nb3 33. Rc2 Rc5 34. Nb4 Rxc2 35.
Nxc2 Nxd2 36. g4 Bf7 37. Rd1 Nb3 38. Ne3 fxg4 39. hxg4 Nd4 40. Kf2 Rc8 41. Rb1 Rc5 42. Rb4 g6 43. f4 Nc6 44. Re4 exf4 45. Rxf4 b4 46. d4 Ra5 47. d5 Ne5 48. Rxb4 b5 49.
Kg3 Kf8 50. Kf4 Nd7 51. Kg5 Kg7 52. d6 h6+ 53. Kh4 Be6 54. Kg3 Kf6 55. Nc2 Ke5 56. e3 Kxd6 57. Nd4 Bc4 58. g5 h5 59. Kf4 Nc5 60. e4 Nd3+ 61. Ke3 Nxb4 62. Nf5+ Ke5 0-1

[Event "Late-Titled-Tuesday-Blitz-October-03-2023"]
[Site "Chess.com"]
[Date "2023.10.03"]
[Round "11"]
[White "Bauman_Guy"]
[Black "GM_dmitrij"]
[Result "1-0"]
[WhiteElo "2874"]
[BlackElo "3030"]
[TimeControl "180+1"]
[EndTime "16:02:27 PDT"]
[Termination "Bauman_Guy won by resignation"]

1. e4 e5 2. Nf3 Nc6 3. Bb5 a6 4. Ba4 Nf6 5. O-O b5 6. Bb3 Bc5 7. d3 d6 8. a4 Rb8 9. axb5 axb5 10. Nc3 h6 11. Be3 O-O 12. Nd5 Be6 13. Bxc5 dxc5 14. Nxf6+ Qxf6 15. Bxe6 Qxe6 16. Ra6 Rb6 17. Ra3 Rd8 18. Qe2 c4 19. Rfa1 b4 20. Ra8 cxd3 21. Qxd3 Rxa8 22. Rxa8+ Kh7 23. Qd5 Qxd5 24. exd5 e4 25.
Nd2 Ne7 26. Rd8 Rb5 27. Nxe4 Rxd5 28. Rxd5 Nxd5 29. Kf1 Kg6 30. Ke2 Kf5 31. Nc5 Ke5 32.
g3 Kd4 33. Nb3+ Kc4 34. Nd2+ Kd4 35. Nb3+ Kc4 36. Nd2+ Kb5 37. Kd3 Nb6 38. b3 Nd7 39.
Kd4 c5+ 40. Kd5 Nf6+ 41. Kd6 Ng4 42. Ke7 f5 43. Kf7 g5 44. Kg6 Nxf2 45. Kxh6 g4 46.
Kg5 Nd1 47. Nc4 Kc6 48. Kxf5 Nf2 49. Ne3 c4 50. Nxg4 Nd1 51. h4 Kc5 52. h5 1-0

[Event "Late-Titled-Tuesday-Blitz-October-03-2023"]
[Site "Chess.com"]
[Date "2023.10.03"]
[Round "11"]
[White "ozates"]
[Black "Pomberito2"]
[Result "0-1"]
[WhiteElo "2627"]
[BlackElo "2515"]
[TimeControl "180+1"]
[EndTime "16:02:27 PDT"]
[Termination "Pomberito2 won by resignation"]

1. c4 e6 2. d4 Nf6 3. Nf3 b6 4. g3 Ba6 5. b3 Bb4+ 6. Bd2 Be7 7. Bg2 d5 8. Qc2 c6 9. O-O O-O 10. Nc3 Nbd7 11. e4 dxc4 12. e5 Nd5 13. Ne4 cxb3 14.
axb3 Bxf1 15. Bxf1 c5 16. Bg5 h6 17. h4 cxd4 18. Bxh6 gxh6 19. Qd2 Kg7 20. Nxd4 Nc5 21. Re1 Nd7 22. Qd1 Nxe5 23. Qh5 Ng6 24. Nf3 Nf6 25.
Nxf6 Bxf6 26. Qg4 Kh8 27. h5 Ne7 28. Qf4 Nf5 29. g4 Qd6 30. Qe4 Ne7 31. Bd3 Nf5 32.
gxf5 Rg8+ 33. Kh1 e5 34. Bc4 Raf8 35. Nh2 Rg5 36. Ng4 Rxh5+ 37. Kg2 Rg5 38. Kf1 Rfg8 39. Nxh6 Rg1+ 40. Ke2 Rxe1+ 41. Kxe1 Rg1+ 42. Ke2 Qd1+ 43. Ke3 Bg5+ 44. f4 Bxf4+ 45. Kf2 Bg3+ 46. Ke3 Re1+ 0-1

[Event "Late-Titled-Tuesday-Blitz-October-03-2023"]
[Site "Chess.com"]
[Date "2023.10.03"]
[Round "11"]
[White "Alexei_Gubajdullin"]
[Black "josiur"]
[Result "1-0"]
[WhiteElo "2753"]
[BlackElo "2539"]
[TimeControl "180+1"]
[EndTime "16:02:28 PDT"]
[Termination "Alexei_Gubajdullin won by resignation"]

1. d4 d5 2. Nf3 e6 3. Bf4 Bd6 4.
Bg3 Nf6 5. Nbd2 Bxg3 6. hxg3 O-O 7. e3 Nbd7 8. c3 Re8 9. Ne5 c5 10. Bd3 Qc7 11. Nxd7 Bxd7 12. Bxh7+ Nxh7 13. Qh5 Kf8 14. Qxh7 cxd4 15. cxd4 g6 16. Nf3 Qa5+ 17. Kf1 Ke7 18. Ne5 Qb5+ 19. Kg1 Rf8 20. Nxg6+ Kd6 21. Nxf8 Rxf8 22.
Qg7 Ke7 23. Qg5+ Ke8 24. b3 Qe2 25. Qf4 Ke7 26. Rh7 Qc2 27. Qh4+ Kd6 28. Qh6 Ke7 29.
Qh4+ Kd6 30. Rh8 Rxh8 31. Qxh8 Ke7 32. Qb8 Bc6 33. Qxa7 Qb2 34. Rf1 Kf6 35. Qc5 Qxa2 36. b4 Qe2 37. Ra1 Bb5 38. Qd6 Ba6 39. Qf4+ Ke7 40.
Rc1 Bc4 41. e4 b5 42. exd5 exd5 43. Qe3+ Qxe3 44. fxe3 Ke6 45. Kf2 Kf5 46. Ke1 Ke4 47. Kd2 Kf5 48. Rh1 Kg4 49. Rh4+ Kxg3 50. Rf4 Kxg2 51.
Rxf7 Kg3 52. e4 dxe4 53. Rf6 Kg4 54. Ke3 Kg5 55. Rf4 Bd5 56. Rxe4 Kf6 57. Re5 Bc4 58. Kf4 Kf7 59. d5 Kf6 60. d6 1-0

[Event "Late-Titled-Tuesday-Blitz-October-03-2023"]
[Site "Chess.com"]
[Date "2023.10.03"]
[Round "11"]
[White "Quattroporte300"]
[Black "angryspacevoid"]
[Result "1/2-1/2"]
[WhiteElo "2384"]
[BlackElo "2534"]
[TimeControl "180+1"]
[EndTime "16:02:28 PDT"]
[Termination "Game drawn by repetition"]

1. e4 c5 2. Nf3 Nf6 3. Nc3 e6 4.
g3 d5 5. exd5 exd5 6. Bb5+ Nc6 7. O-O Bg4 8. Re1+ Be7 9. Qe2 Kf8 10. Bxc6 bxc6 11. d3 h5 12. Bg5 Ng8 13. h4 Bxg5 14. hxg5 h4 15. gxh4 Rxh4 16. Kg2 Rh3 17. Qe3 Qd6 18.
Qe5 Qd7 19. Nh2 Be6 20. Ne2 Rh5 21. Nf4 Bh3+ 22. Kh1 Rh8 23. Re3 Bf5 24. Rae1 Rh7 25. Kg1 g6 26. Qc3 d4 27. Qxc5+ Kg7 28. Qe5+ Kf8 29. Rg3 Ne7 30. Qc5 Re8 31. c3 Kg8 32. Qxd4 Nd5 33. Rxe8+ Qxe8 34. Nxd5 cxd5 35. Qe3 Qa8 36.
Qd4 Be6 37. Re3 Qb8 38. Nf3 Qxb2 39. Qxa7 Qb1+ 40. Kg2 Qh1+ 41. Kg3 Rh3+ 42. Kf4 Rh4+ 43. Ke5 Rg4 44. Qb8+ Kh7 45. Kd6 Qh5 46. Ke7 Rf4 47. Qf8 Rxf3 48. Rxf3 Qxf3 49. Qh6+ Kg8 50. Qf8+ Kh7 51.
Qh6+ Kg8 52. Qf8+ Kh7 1/2-1/2

[Event "Late-Titled-Tuesday-Blitz-October-03-2023"]
[Site "Chess.com"]
[Date "2023.10.03"]
[Round "11"]
[White "MathiasWomacka"]
[Black "Nf3c5"]
[Result "1-0"]
[WhiteElo "2516"]
[BlackElo "2563"]
[TimeControl "180+1"]
[EndTime "16:02:29 PDT"]
[Termination "MathiasWomacka won on time"]

1. e4 e5 2. Nf3 Nc6 3. Bb5 a6 4. Bxc6 dxc6 5. O-O Bg4 6. h3 h5 7. d3 Qf6 8. Nbd2 g5 9. Nc4 Bd6 10. d4 Qg7 11. dxe5 Be7 12. Ne3 Be6 13. Nf5 Qg6 14. Nxe7 Nxe7 15. Bxg5 Qxe4 16. Re1 Qf5 17. Qd2 Rg8 18. Rad1 Bd5 19. h4 O-O-O 20. Qe3 Kb8 21.
Bxe7 Rxg2+ 22. Kxg2 Qg4+ 23. Kf1 Bc4+ 24. Rd3 Rg8 25.
Bg5 Qh3+ 26. Ke2 Qg4 27. Kd2 Bxd3 28. cxd3 Qb4+ 29. Kc2 c5 30. Kb1 c4 31. Qe4 Rg6 32.
Qxc4 Qb6 33. Rc1 Rc6 34. Qd5 Qxf2 35. Rxc6 bxc6 36. Qxc6 Qf1+ 37. Kc2 Qe2+ 38. Kb3 Qd1+ 39. Ka3 Qxd3+ 40. b3 Qe2 41. Bf6 Qd1 42. Ng5 Qd2 43. Nxf7 Qa5+ 44. Kb2 Qd2+ 45. Qc2 Qd4+ 46. Qc3 Qf2+ 47.
Ka3 Qb6 48. Nd8 Kc8 49. Nc6 Kb7 50. e6 1-0

[Event "Late-Titled-Tuesday-Blitz-October-03-2023"]
[Site "Chess.com"]
[Date "2023.10.03"]
[Round "11"]
[White "Lion_DL"]
[Black "egnfanclub"]
[Result "1-0"]
[WhiteElo "2482"]
[BlackElo "2374"]
[TimeControl "180+1"]
[EndTime "16:02:29 PDT"]
[Termination "Lion_DL won on time"]

1. d4 d5 2. c4 c6 3. Nf3 Nf6 4. Qb3 e6 5. Bg5 dxc4 6. Qxc4 Qd5 7. Qd3 Bb4+ 8. Nc3 Ne4 9. Bd2 Bxc3 10. bxc3 Nxd2 11.
Nxd2 Nd7 12. e4 Qg5 13. Nf3 Qg6 14. Be2 Nf6 15. e5 Qxd3 16. Bxd3 Nd5 17. Kd2 b6 18. Ng5 Nf4 19. Be4 Bd7 20. g3 Nd5 21. Bd3 f5 22.
exf6 gxf6 23. Ne4 Ke7 24. f4 h5 25. Rhf1 Rag8 26. Rae1 h4 27. Rf2 hxg3 28. hxg3 Rh6 29.
a3 Rgh8 30. c4 Nc7 31. f5 Rh2 32. fxe6 Bxe6 33. Ree2 Rxf2 34. Nxf2 Kf7 35. Ne4 Rh1 36. Rf2 f5 37. Nd6+ Kf6 38. Nxf5 Bxf5 39. Rxf5+ Ke6 40. Rf1 Rh2+ 41. Kc3 Ra2 42. Kb3 Rg2 43. Rf3 b5 44. Re3+ Kd6 45. cxb5 Nxb5 46. Bxb5 cxb5 47. Rd3 Kd5 48. Kb4 Rb2+ 49. Rb3 Rd2 50.
Kxb5 Rxd4 51. Ka6 Ra4+ 52. Kb5 Rg4 53. a4 1-0

[Event "Late-Titled-Tuesday-Blitz-October-03-2023"]
[Site "Chess.com"]
[Date "2023.10.03"]
[Round "11"]
[White "ARTHURMOTIVATOR"]
[Black "nicholas_ilic"]
[Result "0-1"]
[WhiteElo "2307"]
[BlackElo "2245"]
[TimeControl "180+1"]
[EndTime "16:02:31 PDT"]
[Termination "nicholas_ilic won by resignation"]

1. e4 c5 2. b3 Nc6 3. Bb2 e5 4. Bb5 d6 5. Bxc6+ bxc6 6. Ne2 Nf6 7. d3 Be6 8. O-O g6 9. h3 Bg7 10. f4 exf4 11. Nxf4 O-O 12. Qf3 d5 13. exd5 cxd5 14. Nd2 d4 15. Rae1 Bd5 16. Qf2 Bb7 17. Ba3 Rc8 18. Nc4 Nd5 19. Nxd5 Qxd5 20. Re7 Rce8 21. Rxb7 Qxb7 22. Bxc5 f5 23. Bxf8 Rxf8 24. Re1 f4 25. Qf3 Qa6 26. Qd5+ Kh8 27. Nd6 h6 28. a4 f3 29. gxf3 Qb6 30. Nf7+ Kh7 31. Nd6 Qb4 32. Re6 Qd2 33. Qe4 Qc1+ 34. Kg2 Qxc2+ 35. Kg3 Qc1 36. Qxg6+ Kh8 37. Nf5 Qg1+ 38. Kh4 Qxg6 39. Rxg6 Rxf5 40. Ra6 Rxf3 41. Rxa7 Rxd3 42.
b4 Rb3 43. b5 d3 44. Rd7 Rb4+ 45. Kh5 Rd4 46. Kg6 Rxd7 47. b6 d2 48. a5 d1=Q 0-1

[Event "Late-Titled-Tuesday-Blitz-October-03-2023"]
[Site "Chess.com"]
[Date "2023.10.03"]
[Round "11"]
[White "falzehope0"]
[Black "protectiago"]
[Result "0-1"]
[WhiteElo "2321"]
[BlackElo "2085"]
[TimeControl "180+1"]
[EndTime "16:02:32 PDT"]
[Termination "protectiago won on time"]

1. d4 Nf6 2. e3 g6 3. Bd3 Bg7 4.
f4 d5 5. Nf3 O-O 6. O-O c5 7. c3 Nc6 8. Nbd2 Qb6 9. Kh1 Bg4 10.
Qe1 Bxf3 11. Nxf3 Rad8 12. f5 Ne4 13. fxg6 fxg6 14. b3 e5 15. c4 exd4 16. cxd5 dxe3 17. Bxe4 Bxa1 18. Bxe3 Rde8 19. Bh6 Bg7 20. Bxg7 Kxg7 21.
dxc6 Rf4 22. Qa1+ Kh6 23. Bd5 bxc6 24. Bc4 Ref8 25. Qe5 Qd8 26. Qxc5 Qf6 27. Qe3 g5 28. h3 Kg7 29. Re1 h5 30. Qxa7+ Kh6 31. Re6 g4 32.
Rxf6+ R8xf6 33. hxg4 hxg4 34. Ng1 g3 35. Qd7 Rh4+ 36.
Nh3 c5 37. Kg1 Re4 38. Qd2+ Kg7 39. Qg5+ Rg6 40. Qc1 Rd4 41. Be2 Re6 42. Bf3 Red6 43. Nf4 Kf6 44. Ne2 Rd2 0-1

[Event "Late-Titled-Tuesday-Blitz-October-03-2023"]
[Site "Chess.com"]
[Date "2023.10.03"]
[Round "11"]
[White "venturov"]
[Black "Chempiblinka"]
[Result "1/2-1/2"]
[WhiteElo "2453"]
[BlackElo "2291"]
[TimeControl "180+1"]
[EndTime "16:02:35 PDT"]
[Termination "Game drawn - insufficient material"]

1. Nf3 Nf6 2. c4 g6 3. d4 Bg7 4.
g3 d6 5. Bg2 O-O 6. Nc3 c6 7.
e4 Qa5 8. O-O Qh5 9. Ng5 Qxd1 10.
Rxd1 h6 11. Nf3 c5 12. e5 dxe5 13. dxe5 Ng4 14. Nd5 Nc6 15. h3 Ngxe5 16. Nxe5 Bxe5 17. Bxh6 Re8 18. Bf4 Bxf4 19. gxf4 Rb8 20. Nc7 Rf8 21.
b3 Nd4 22. Nd5 e6 23. Nc3 b6 24. Nb5 Ne2+ 25. Kf1 Nxf4 26. Nxa7 Nxg2 27. Kxg2 Bb7+ 28. Kg3 Rfd8 29. Nb5 Bc6 30. Nc3 Kg7 31. Ne2 f5 32. h4 Kf6 33. f4 Be4 34. Ng1 Bc2 35. Rdc1 Rd2 36. Nf3 Re2 37. Re1 Rxe1 38. Rxe1 Ra8 39. Ng5 Be4 40. Re2 Ra5 41. a4 e5 42. Nxe4+ fxe4 43.
Rxe4 exf4+ 44. Kxf4 Ra8 45. Re5 Rh8 46. Rd5 Rxh4+ 47. Kg3 Re4 48. a5 bxa5 49. Rxc5 Re3+ 50. Kf4 Rxb3 51. Rxa5 g5+ 52. Kg4 Rb4 53. Ra6+ Ke5 54. Kxg5 Rxc4 55. Ra5+ Kd4 56. Ra8 Rc5+ 57. Kg6 Rd5 58.
Rf8 Re5 59. Rf6 Re3 60. Rf5 Re5 61. Rxe5 Kxe5 1/2-1/2

[Event "Late-Titled-Tuesday-Blitz-October-03-2023"]
[Site "Chess.com"]
[Date "2023.10.03"]
[Round "11"]
[White "Inepton_Fermion"]
[Black "santosalberto1987"]
[Result "1-0"]
[WhiteElo "2421"]
[BlackElo "2479"]
[TimeControl "180+1"]
[EndTime "16:02:38 PDT"]
[Termination "Inepton_Fermion won by resignation"]

1. Nf3 d5 2. b3 Bf5 3. Bb2 e6 4. g3 Nf6 5. Bg2 h6 6. O-O Nbd7 7. d3 Be7 8. Nbd2 O-O 9. Qe1 Bh7 10.
e4 c6 11. Qe2 a5 12. a4 Nc5 13. e5 Nfd7 14. Nd4 Na6 15. Kh1 c5 16. Nb5 Qb6 17. f4 Nc7 18. c4 Nxb5 19. axb5 d4 20. Be4 Bxe4+ 21. Nxe4 Qc7 22. Bc1 Nb6 23. Qg4 Kh7 24.
f5 Qxe5 25. f6 Bxf6 26. Rxf6 gxf6 27. Qh4 Nd7 28. Qxh6+ Kg8 29. Bd2 Qf5 30. Kg2 Qg6 31.
Qh4 Kg7 32. Rf1 Rh8 33. Qf4 e5 34. Qf3 Qh5 35. Qxh5 Rxh5 36. Nd6 b6 37. g4 Rhh8 38. Nf5+ Kf8 39. Ra1 Kg8 40. h4 Nf8 41. h5 Ne6 42. Kf3 Ng5+ 43. Bxg5 fxg5 44. Ke4 f6 45. Kd5 Kf7 46.
Ra2 Rac8 47. Ke4 Rcd8 48. Rf2 Ke6 49. Ra2 Rh7 50. Ra4 Ra7 51. Ra2 Rda8 52. Ra4 Kd7 53. Ng3 Ke6 54. Nf5 Rh7 55. Ng3 Rah8 56. Nf5 Rxh5 57.
gxh5 Rxh5 58. Ng7+ Kf7 59. Nxh5 Kg6 60. Ng3 g4 61. Ra1 Kg5 62. Nf5 1-0

[Event "Late-Titled-Tuesday-Blitz-October-03-2023"]
[Site "Chess.com"]
[Date "2023.10.03"]
[Round "11"]
[White "nitpicker"]
[Black "MathiasCasalaspro"]
[Result "0-1"]
[WhiteElo "2250"]
[BlackElo "2372"]
[TimeControl "180+1"]
[EndTime "16:02:47 PDT"]
[Termination "MathiasCasalaspro won on time"]

1. d4 Nf6 2. c4 g6 3. Nc3 Bg7 4. e4 d6 5. Be2 O-O 6. Nf3 Nbd7 7. Be3 e5 8. d5 c5 9. dxc6 bxc6 10. Qxd6 Bb7 11.
O-O Ne8 12. Qd2 Qc7 13. Rfd1 Rd8 14. Bxa7 c5 15. Nb5 Qc6 16. Qa5 Ra8 17. Rd3 Nef6 18.
Rad1 Qxe4 19. Rxd7 Nxd7 20. Rxd7 Qxe2 21. Rxb7 e4 22.
Ne1 e3 23. fxe3 Qxe3+ 24. Kf1 Rfe8 25. Nd6 Qf4+ 26. Nf3 Qxd6 27. Qc7 Qd1+ 28. Kf2 Bd4+ 29. Kg3 Rf8 30. Nxd4 cxd4 31. Qf4 Qd3+ 32. Qf3 Qxc4 33. Rd7 Qxa2 34. Bxd4 Qe6 35. Qf6 Qxf6 36. Bxf6 Rab8 37. h4 Rb3+ 38. Bc3 h5 39. Kf4 Rc8 40. Re7 Rcxc3 41.
bxc3 Rxc3 42. Re8+ Kg7 43. Re2 Rc4+ 44. Kg3 Rg4+ 45.
Kh3 Kf6 46. g3 Ra4 47. Rf2+ Ke6 48. Re2+ Kf6 49. Rf2+ Kg7 50. Re2 Ra3 51. Rc2 f5 52.
Rc7+ Kf6 53. Rc6+ Ke5 54. Rxg6 f4 55. Rg5+ Ke4 56. Kh2 f3 57. Rg8 f2 58. Rf8 Rf3 0-1

[Event "Late-Titled-Tuesday-Blitz-October-03-2023"]
[Site "Chess.com"]
[Date "2023.10.03"]
[Round "11"]
[White "JoakimVonAnd"]
[Black "CarlosjPineror"]
[Result "0-1"]
[WhiteElo "2690"]
[BlackElo "2534"]
[TimeControl "180+1"]
[EndTime "16:02:50 PDT"]
[Termination "CarlosjPineror won by checkmate"]

1. d4 Nf6 2. c4 e6 3. Nf3 c5 4. d5 exd5 5. cxd5 d6 6. Nc3 Be7 7. Bf4 O-O 8. e4 Na6 9. h3 Nc7 10. a4 a6 11. Bd3 Rb8 12. a5 b5 13.
axb6 Rxb6 14. Qc2 Nd7 15. O-O Nb5 16. Rfe1 Bf6 17. Rad1 h6 18. e5 dxe5 19. Nxe5 Nxe5 20. Bxe5 Bxe5 21. Rxe5 Nd4 22. Qd2 Bd7 23. Bb1 Qb8 24. Re7 Rxb2 25. Qe3 Bf5 26. Be4 Qd6 27. Ra7 Qg6 28.
Bxf5 Qxf5 29. d6 Rc2 30. Na4 Re2 31. Qg3 Ra2 32. Qh2 Rxa4 33. d7 Qg5 34. Qd6 Ne6 35.
Qxf8+ Kxf8 36. Ra8+ Ke7 37. Re8+ Kf6 38. Rxe6+ Kxe6 39. d8=Q Qxd8 40. Rxd8 c4 41. Rc8 Kd5 42. Kf1 Ra2 43. Ke1 a5 44. Rc7 a4 45. Rxf7 a3 46. Ra7 Kd4 47. f4 Kd3 48. f5 c3 49. g4 c2 50. Rc7 Ra1+ 51. Kf2 c1=Q 52. Rxc1 Rxc1 53. Kg3 Rc7 54. h4 a2 55. g5 a1=Q 56.
Kg4 hxg5 57. Kh5 gxh4 58. Kg6 Qf6+ 59. Kh7 Qxf5+ 60. Kg8 g5 61. Kh8 Qc8# 0-1

[Event "Late-Titled-Tuesday-Blitz-October-03-2023"]
[Site "Chess.com"]
[Date "2023.10.03"]
[Round "11"]
[White "GaiozNigalidze"]
[Black "BigAl"]
[Result "0-1"]
[WhiteElo "2726"]
[BlackElo "2581"]
[TimeControl "180+1"]
[EndTime "16:02:54 PDT"]
[Termination "BigAl won by checkmate"]

1. d4 Nf6 2. Nf3 g6 3. g3 Bg7 4. Bg2 O-O 5. O-O d6 6. c3 Nbd7 7. Nbd2 e5 8. dxe5 dxe5 9. e4 b6 10. Re1 Bb7 11. Qc2 Nc5 12. Nxe5 Re8 13. f4 Nfd7 14. Ndf3 Nxe5 15. Nxe5 Bxe5 16. fxe5 Qd3 17. Qf2 Nxe4 18. Bxe4 Bxe4 19. Bh6 Qf3 20. Qxf3 Bxf3 21.
Kf2 Bg4 22. Bg5 Re6 23. Bf6 Rae8 24. Re3 h5 25. Rae1 Rc6 26. Rd3 Kh7 27. h4 g5 28.
hxg5 Kg6 29. b3 b5 30. Rde3 a5 31. Rc1 Be6 32. Rd3 a4 33. bxa4 bxa4 34. a3 Rb8 35. Ke3 Rb3 36. Rd8 Rcxc3+ 37. Rxc3 Rxc3+ 38. Kf4 Rc4+ 39. Kf3 Kf5 40. Kf2 Rc2+ 41. Ke1 Rg2 42. Rh8 Kg4 43.
Ra8 Bb3 44. Rc8 Kxg3 45. g6 fxg6 46. Rxc7 h4 47. Rc3+ Kg4 48. Kf1 h3 49. Re3 Bc4+ 50. Ke1 Rg1+ 51. Kf2 Rf1# 0-1

[Event "Late-Titled-Tuesday-Blitz-October-03-2023"]
[Site "Chess.com"]
[Date "2023.10.03"]
[Round "11"]
[White "Maestro1986"]
[Black "Langua_Chess"]
[Result "1-0"]
[WhiteElo "2554"]
[BlackElo "2469"]
[TimeControl "180+1"]
[EndTime "16:03:03 PDT"]
[Termination "Maestro1986 won on time"]

1. Nf3 d5 2. g3 Bg4 3. Bg2 Nd7 4. O-O e6 5. c4 Ngf6 6. b3 c5 7. cxd5 Nxd5 8. Bb2 f6 9. d4 Be7 10. dxc5 Nxc5 11. Nbd2 O-O 12. Nd4 e5 13. N4f3 Be6 14.
Nc4 Rc8 15. Nh4 b5 16. Nd2 Nb4 17. Ne4 Nxe4 18. Bxe4 f5 19. Qxd8 Bxd8 20. Bb7 Rc7 21. Bg2 Bf6 22. a3 Rc2 23. Rab1 Na2 24. e4 f4 25. Nf5 Nc3 26. Bxc3 Rxc3 27. Nd6 a6 28. Rfc1 Rxc1+ 29. Rxc1 Rd8 30. Nb7 Rb8 31. Nc5 Rc8 32. b4 a5 33. Bf1 axb4 34. axb4 Be7 35. Bxb5 fxg3 36. hxg3 Bf7 37. Bd7 Rb8 38. b5 g6 39. Bc6 Kg7 40. Nd7 Rd8 41. Nxe5 Be6 42. b6 Bf6 43. Nf3 Bb2 44. Rb1 Bf6 45. b7 Rb8 46. e5 Bd8 47. Nd4 Bg4 48. f4 Bc7 49.
Kf2 Bh3 50. Ke3 Bg4 51. Bd5 Bh3 52. Be6 Bg2 53. Bc8 Bd8 54. Rc1 Bb6 55. Rb1 Ba7 56.
Kd3 Kf7 57. Nb5 Bb6 58. Nd6+ Ke7 59. Rxb6 Kd8 60. Rb4 Kc7 61. Rc4+ Kd8 62. Kd4 Ke7 63. Rc7+ Kd8 64. Rxh7 1-0

[Event "Late-Titled-Tuesday-Blitz-October-03-2023"]
[Site "Chess.com"]
[Date "2023.10.03"]
[Round "11"]
[White "vanyakuba"]
[Black "Yushko_Olga"]
[Result "1-0"]
[WhiteElo "2357"]
[BlackElo "2118"]
[TimeControl "180+1"]
[EndTime "16:03:03 PDT"]
[Termination "vanyakuba won by resignation"]

1. c4 e6 2. Nc3 f5 3. g3 Nf6 4.
Bg2 d6 5. d4 Be7 6. Nf3 O-O 7.
O-O Qe8 8. Re1 Ne4 9. Qd3 Qg6 10. Nd2 Nxd2 11. Bxd2 Kh8 12. e4 e5 13. Nd5 Bd8 14. dxe5 dxe5 15. Bb4 Re8 16. exf5 Bxf5 17. Be4 Bxe4 18.
Qxe4 Qxe4 19. Rxe4 c6 20. Nc3 Nd7 21. Rae1 Bc7 22.
Kg2 Nf6 23. R4e2 Red8 24. Ne4 Rd3 25. Bc3 Rad8 26. Ng5 Kg8 27. Ne6 R8d7 28. Nxc7 Rxc7 29. Bxe5 Rf7 30. h3 Nd7 31. Bc3 Nb6 32. Re8+ Rf8 33. R8e7 Rf7 34. Re8+ Rf8 35. R1e7 Rxe8 36. Rxe8+ Kf7 37.
Rb8 Rd7 38. b3 Rc7 39. Be5 Re7 40. Bf4 h6 41. h4 Rd7 42. a4 a5 43. Be3 Nxc4 44. bxc4 Ke6 45. Bb6 Ke5 46. Bxa5 Kd4 47. Bb6+ Kxc4 48. a5 Kb5 49. Rc8 Rd5 50. g4 c5 51. Kg3 c4 52. f4 Rd3+ 53. Kf2 Rh3 54. h5 c3 55. Kg2 Rd3 56. g5 hxg5 57. fxg5 Rd2+ 58. Bf2 c2 59. h6 gxh6 60. gxh6 Rd6 61.
Be3 Rg6+ 62. Kf3 Rf6+ 63. Ke2 Rf7 64. Rxc2 Kxa5 65. Rc5+ b5 66. Rc6 b4 67. Rg6 Rh7 68.
Rg7 Rh8 69. h7 b3 70. Bd4 Re8+ 71. Kd3 Ka4 72. Ra7+ Kb5 73. h8=Q Rxh8 74. Bxh8 Kb6 75. Bd4+ Kb5 76. Rb7+ Ka4 77. Bb2 Ka5 78. Kc4 Ka6 79.
Rxb3 Ka5 80. Bc3+ Ka6 81. Kc5 Ka7 82. Kc6 Ka8 83. Kc7 1-0